 Dungeon Crawl Stone Soup version 0.20-a0-303-g575bbf7 (webtiles) character file.

16206 holy777 the Covert (level 12, 0/92 HPs)
             Began as a Vampire Assassin on Dec 17, 2016.
             Was a High Priest of Okawaru.
             Succumbed to Sonja's curare-tipped needle
             ... on level 11 of the Dungeon.
             The game lasted 00:56:47 (15128 turns).

holy777 the Covert (Vampire Assassin)              Turns: 15128, Time: 00:56:47

Health: 0/92       AC: 26    Str:  7    XL:     12   Next: 8%
Magic:  11/12      EV:  4    Int: 14    God:    Okawaru [*****.]
Gold:   438        SH:  0    Dex: 24    Spells: 11/11 levels left

rFire  . . .     SeeInvis +     k - +6 flail (crush)
rCold  . . .     Gourm    .     c - +7 plate armour "Forget-Me-Not" {Str-5 Dex+6 Stlth+}
rNeg   . . .     Faith    .     (no shield)
rPois  .         Spirit   .     (no helmet)
rElec  .         Reflect  .     d - +0 cloak
rCorr  .         Harm     .     (no gloves)
MR     +....                    p - +1 pair of boots
Stlth  ++++......               (no amulet)
                                y - ring of stealth
                                j - +2 ring of protection

@: lethally poisoned (0 -> -109), heroism, very slightly contaminated,
regenerating quickly, slowed, invisible, very slow
A: fangs 3, see invisible, unbreathing
a: Heroism, Finesse, Renounce Religion


You were on level 11 of the Dungeon.
You worshipped Okawaru.
Okawaru was extremely pleased with you.
You were almost alive.

You visited 2 branches of the dungeon, and saw 12 of its levels.
You visited the Abyss 1 time.

You collected 738 gold pieces.
You spent 300 gold pieces at shops.

Inventory:

Hand Weapons
 b - a +0 blowgun
 k - a +6 flail of crushing (weapon)
 v - the +3 hand axe "Agoil" {antimagic, rC- Dex+7}
   (You found it on level 8 of the Dungeon)

   It reduces the magical energy of the wielder, and disrupts the spells and
   magical abilities of those hit.
   Natural abilities and divine invocations are not affected.
   It affects your dexterity (+7).
   It makes you vulnerable to cold.
Missiles
 a - 17 tomahawks (quivered)
 f - 4 poisoned needles
 G - 3 steel javelins
 H - 2 curare-tipped needles
Armour
 c - the +7 plate armour "Forget-Me-Not" (worn) {Str-5 Dex+6 Stlth+}
   (You found it on level 10 of the Dungeon)

   It affects your strength (-5).
   It affects your dexterity (+6).
   It makes you more stealthy.
 d - a +0 cloak (worn)
 p - a +1 pair of boots (worn)
Jewellery
 j - a +2 ring of protection (left hand)
 m - an uncursed ring of wizardry
 w - a +1 ring of evasion
 y - a ring of stealth (right hand)
 A - an uncursed ring of flight
Wands
 h - a wand of disintegration (12/24)
 o - a wand of confusion (25/48)
 q - a wand of lightning (8/15)
 z - a wand of polymorph (14/24)
 B - a wand of flame (16/48)
 E - a wand of acid (6/15)
 J - a wand of polymorph (11/24)
Scrolls
 g - a scroll of blinking
 i - a scroll of fear
 l - 2 scrolls of teleportation
 n - 5 scrolls of remove curse
 r - 2 scrolls of brand weapon
 s - a scroll of fog
 t - a scroll of amnesia
 F - a scroll of magic mapping
Potions
 e - 2 potions of haste {unknown}
 u - a potion of cancellation
 x - 2 potions of invisibility
 C - a potion of curing
 D - 2 potions of brilliance
 I - a potion of magic {unknown}
 K - 2 potions of heal wounds


   Skills:
 * Level 7.8(12.8) Fighting
   Level 2.6(7.6) Short Blades
 + Level 1.0(11.5) Axes
 + Level 9.4(14.4) Maces & Flails
 + Level 5.4(10.4) Throwing
 * Level 4.1(9.1) Armour
 + Level 10.1(15.1) Dodging
 + Level 10.8(15.8) Stealth
 + Level 3.4(8.4) Unarmed Combat
 + Level 1.0 Invocations


You had 11 spell levels left.
You didn't know any spells.

Dungeon Overview and Level Annotations

Branches:
Dungeon (11/15)            Temple (1/1) D:6            Lair (0/6) D:8
    Orc (0/2) D:10

Altars:
Ashenzari
Dithmenos
Elyvilon
Fedhas
Gozag
Hepliaklqana
Kikubaaqudgha
Makhleb
Nemelex Xobeh
Okawaru
Sif Muna
Xom
Yredelemnul
Zin
The Shining One

Shops:
D:7 [   D:9 !

Annotations:
D:11 exclusion: orange crystal statue, Sonja


Innate Abilities, Weirdness & Mutations

Your natural rate of healing is unusually fast.
You have razor-sharp teeth.
You have supernaturally acute eyesight. (SInv)
You can survive without breathing.


Message History

Sonja unwields an uncursed dagger of venom.
It stops dripping with poison.
Sonja wields an uncursed blowgun.
Sonja shoots a curare-tipped needle.
The curare-tipped needle hits you.
You are more poisoned.
You feel as though you will be slow longer.
Okay, then.
You fade into invisibility!
* * * LOW HITPOINT WARNING * * *
You feel extremely sick.
Sonja zaps a wand.
You resist with almost no effort.
It is a wand of polymorph (?/24).
Sonja zaps a wand.
You resist with almost no effort.
You are very lightly contaminated with residual magic.
* * * LOW HITPOINT WARNING * * *
You feel extremely sick.
Sonja shoots a curare-tipped needle.
The curare-tipped needle hits you.
You are more poisoned.
You feel as though you will be slow longer.
You see here a curare-tipped needle.
You die...

#....#.#....#.##...
#........##.#.##...
#...#.... ..#.##...
#......###..#.##...
...... .....##...
###.###.##..#####...
#..Z..K..... #...
#(#(####... #### #
#@# #... #.# #...
#.# #.....#.#
#.....#.# #.....#.#
#.....#'###
#.........#
###.......#


You could see a centaur zombie.

Vanquished Creatures
  Erica (D:9)
  6 two-headed ogres
  A hornet (D:9)
  4 trolls
  Prince Ribbit (D:8)
  4 hippogriffs
  A spriggan (D:8)
  23 yaks
  A wraith (D:6)
  Grum (D:10)
  Edmund (D:6)
  4 wargs (D:10)
  A water moccasin (D:10)
  2 hell hounds
  An acid dragon (D:10)
  5 orc warriors
  An eye of draining (D:10)
  A phantom (D:9)
  7 ice beasts
  A black bear (D:8)
  A sky beast (D:7)
  2 wolves
  9 ogres
  2 centaurs
  A big kobold (D:10)
  A wyvern zombie (D:10)
  6 bullfrogs
  A scorpion (D:8)
  4 killer bees (D:8)
  3 howler monkeys
  3 crimson imps
  A quasit (D:10)
  5 orc priests
  5 hounds
  6 jellies
  9 orc wizards
  A bullfrog skeleton (D:9)
  4 iguanas
  8 worker ants
  A hound zombie (D:6)
  A howler monkey skeleton (D:5)
  9 gnolls
  12 adders
  A shadow imp (D:5)
  An ooze (D:3)
  2 adder zombies
  An adder skeleton (D:9)
  2 worms
  4 leopard geckos
  58 orcs
  9 bats
  13 giant cockroaches
  10 goblins
  9 hobgoblins
  16 jackals
  15 kobolds
  3 quokkas
  A ball python (D:2)
  6 frilled lizards
  A jackal skeleton (D:5)
  A quokka skeleton (D:6)
  7 rats
322 creatures vanquished.

Vanquished Creatures (others)
  A giant cockroach (D:3)
1 creature vanquished.

Grand Total: 323 creatures vanquished

Notes
Turn   | Place    | Note
-------+----------+-------------------------------------------
     0 | D:1      | holy777 the Vampire Assassin began the quest for the Orb.
     0 | D:1      | Reached XP level 1. HP: 16/16 MP: 1/1
   197 | D:1      | Reached XP level 2. HP: 18/22 MP: 2/2
   722 | D:1      | Reached XP level 3. HP: 27/27 MP: 3/3
  1664 | D:3      | Reached XP level 4. HP: 33/33 MP: 4/4
  1700 | D:3      | Found a white marble altar of Elyvilon.
  2831 | D:4      | Reached skill level 1 in Maces & Flails
  2831 | D:4      | Reached skill level 1 in Unarmed Combat
  2831 | D:4      | Reached XP level 5. HP: 26/38 MP: 5/5
  3549 | D:4      | Reached XP level 6. HP: 33/45 MP: 6/6
  3793 | D:4      | Cast into level 1 of the Abyss (gnoll)
  3809 | Abyss:1  | Noticed a large abomination
  3819 | D:4      | Escaped the Abyss
  4838 | D:5      | Entered Level 5 of the Dungeon
  4856 | D:5      | Noticed an ice beast
  4952 | D:5      | Reached XP level 7. HP: 36/51 MP: 7/7
  5622 | D:5      | Reached skill level 5 in Dodging
  5984 | D:6      | Reached XP level 8. HP: 39/58 MP: 6/8
  6248 | D:6      | Noticed Edmund
  6264 | D:6      | Killed Edmund
  6560 | D:6      | Found a staircase to the Ecumenical Temple.
  6584 | Temple   | Entered the Ecumenical Temple
  6618 | Temple   | Became a worshipper of Warmaster Okawaru
  7129 | D:6      | Reached skill level 5 in Maces & Flails
  7221 | D:7      | Reached * piety under Okawaru
  7373 | D:7      | Reached XP level 9. HP: 58/66 MP: 9/9
  7480 | D:7      | Found Sad Ucau's Armour Emporium.
  7930 | D:8      | Got a faintly glowing hand axe
  7931 | D:8      | Identified the +3 hand axe "Agoil" {antimagic, rC- Dex+7} (You found it on level 8 of the Dungeon)
  8014 | D:8      | Noticed Prince Ribbit
  8266 | D:8      | Killed Prince Ribbit
  8266 | D:8      | Reached skill level 10 in Stealth
  8335 | D:8      | Reached skill level 5 in Fighting
  8343 | D:8      | Reached ** piety under Okawaru
  8556 | D:8      | Reached skill level 1 in Axes
  9211 | D:8      | You fall through a shaft for 2 floors!
  9211 | D:10     | Entered Level 10 of the Dungeon
  9238 | D:10     | Noticed a troll
  9394 | D:8      | Found a staircase to the Lair.
  9417 | D:8      | Reached XP level 10. HP: 74/74 MP: 10/10
 10040 | D:9      | Noticed a centaur warrior
 10900 | D:9      | Noticed a two-headed ogre
 10934 | D:9      | Killed a two-headed ogre
 10934 | D:9      | Reached *** piety under Okawaru
 10976 | D:9      | Found Lahuogew's Distillery.
 10986 | D:9      | Bought a potion of curing for 36 gold pieces
 10986 | D:9      | Bought a potion of curing for 36 gold pieces
 10986 | D:9      | Bought a potion of curing for 36 gold pieces
 10986 | D:9      | Bought a potion of curing for 36 gold pieces
 10986 | D:9      | Bought a potion of heal wounds for 60 gold pieces
 10986 | D:9      | Bought a potion of invisibility for 96 gold pieces
 11034 | D:9      | Noticed a two-headed ogre
 11055 | D:9      | Killed a two-headed ogre
 11120 | D:9      | Reached **** piety under Okawaru
 11120 | D:9      | Reached skill level 5 in Throwing
 11441 | D:9      | Noticed Erica
 11467 | D:9      | Killed Erica
 11467 | D:9      | Reached XP level 11. HP: 27/81 MP: 9/11
 12105 | D:10     | Noticed a two-headed ogre
 12125 | D:9      | Killed a two-headed ogre
 12133 | D:10     | Noticed Grum
 12318 | D:10     | Killed Grum
 12353 | D:10     | Reached skill level 1 in Invocations
 12582 | D:8      | Noticed a two-headed ogre
 12604 | D:8      | Killed a two-headed ogre
 12604 | D:8      | Reached ***** piety under Okawaru
 12604 | D:8      | Reached skill level 1 in Armour
 12604 | D:8      | Reached skill level 10 in Dodging
 12801 | D:10     | Got a twisted plate armour
 12802 | D:10     | Identified the +7 plate armour "Forget-Me-Not" {Str-5 Dex+6 Stlth+} (You found it on level 10 of the Dungeon)
 13354 | D:10     | Noticed a two-headed ogre
 13377 | D:10     | Killed a two-headed ogre
 13377 | D:10     | Received a gift from Okawaru
 14029 | D:10     | Found a staircase to the Orcish Mines.
 14948 | D:11     | Noticed an orange crystal statue
 14987 | D:11     | Received a gift from Okawaru
 15028 | D:11     | Reached XP level 12. HP: 57/92 MP: 12/12
 15059 | D:11     | Noticed a two-headed ogre
 15068 | D:11     | Killed a two-headed ogre
 15115 | D:11     | Noticed Sonja
 15128 | D:11     | Succumbed to Sonja's curare-tipped needle

Vault maps used:
D:1:      saegor_arrival_simple_a
D:2:      minmay_roachtagon
D:3:      elyvilon_altar_4
D:4:      minmay_wonky_spiral, first_bread
D:5:      lightli_sewer_entry_pipes
D:6:      minmay_diamond_boxcup, grunt_ministairs_6, uniq_edmund
D:7:      serial_shops, shop_statue
D:8:      minmay_lair_entry_lava, grunt_pizzeria, uniq_prince_ribbit1
D:9:      serial_shops, nicolae_shop_trees, minmay_misc_feat_pillars, uniq_erica
D:10:     minmay_orc_entry_guard_dogs, uniq_grum
D:11:     minmay_statue_hallways, uniq_sonja
Temple:   nicolae_temple_the_god_donut

Skill      XL: |  1  2  3  4  5  6  7  8  9 10 11 |
---------------+----------------------------------+-----
Stealth        | 6 7 8 9 10 | 10.8
Dodging        | 2 3 4 5 6 8 9 10 | 10.1
Fighting       | 2 3 4 5 6 7 |  7.8
Maces & Flails | 1 2 3 5 6 7 9 |  9.4
Unarmed Combat | 1 2 3 |  3.4
Throwing       | 2 3 4 5 |  5.4
Axes           | 1 |  1.0
Invocations    | 1 |  1.0
Armour         | 4 |  4.1
Short Blades   | |  2.6

Action                   |  1- 3 |  4- 6 |  7- 9 | 10-12 || total
-------------------------+-------+-------+-------+-------++-------
Melee: Dagger            |    52 |       |       |       ||    52
       Bite              |     8 |    29 |    42 |    86 ||   165
       Flail             |    53 |   180 |   307 |   525 ||  1065
       Unarmed           |    15 |    58 |    61 |    27 ||   161
       Punch             |       |       |     5 |     6 ||    11
       Hand axe          |       |       |    19 |       ||    19
 Fire: Blowgun           |     1 |    16 |    61 |    59 ||   137
Throw: Tomahawk          |       |       |    10 |    23 ||    33
Invok: Heroism           |       |       |     2 |    13 ||    15
 Abil: Bat Form          |     1 |    15 |    35 |    21 ||    72
       End Transformatio |       |    15 |    35 |    21 ||    71
Evoke: Wand              |       |     3 |       |     3 ||     6
  Use: Scroll            |     4 |     6 |    13 |     5 ||    28
       Potion            |     1 |     3 |       |     8 ||    12
 Stab: Sleeping          |    14 |     9 |    15 |     8 ||    46
       Distracted        |       |     1 |     1 |       ||     2
  Eat: Corpse            |     2 |    12 |    13 |    17 ||    44
Armor: Robe              |    40 |    65 |    51 |    21 ||   177
       Plate armour      |       |       |       |   373 ||   373
Dodge: Dodged            |    85 |   221 |   449 |   234 ||   989
